[Event "Titled Tuesday Blitz August 24 2021"]
[White "Svane, Rasmus"]
[Black "Wieczorek, Oskar"]
[WhiteFideId "4657101"]
[BlackFideId "1133950"]
[WhiteElo "2669"]
[BlackElo "2258"]
[Result "1-0"]
[Round "06"]
[TimeControl "180+1"]
[Date "2021.08.24"]
[WhiteClock "0:02:02"]
[BlackClock "0:00:26"]

1. Nf3 Nf6 2. g3 b6 3. Bg2 Bb7 4. O-O g6 5. d4 Bg7 6. c4 O-O 7. Re1 e6 8. Bf4 Na6 9. Qc2 c5 10. dxc5 Nxc5 11. Nc3 d5 12. Rad1 Qe7 13. Be5 Rfd8 14. Bxf6 Bxf6 15. cxd5 exd5 16. Nd4 Rac8 17. e3 Ne4 18. Qb3 Nxc3 19. bxc3 Qc5 20. Rc1 Ba6 21. Qa4 Qc4 22. Qa3 Bb7 23. Qxa7 Rc7 24. Qxb6 1-0


[Site "https://www.chess.com"]

[Event "Titled Tuesday Blitz August 24 2021"]
[White "Tanenbaum, Zachary"]
[Black "Nefedov, Sergey"]
[WhiteFideId "2060850"]
[BlackFideId "24113417"]
[WhiteElo "2165"]
[BlackElo "2380"]
[Result "0-1"]
[Round "06"]
[TimeControl "180+1"]
[Date "2021.08.24"]
[WhiteClock "0:00:05"]
[BlackClock "0:00:07"]

1. e4 d5 2. exd5 Qxd5 3. Nc3 Qd8 4. d4 Nf6 5. Nf3 c6 6. Bc4 Bf5 7. Ne5 e6 8. Qe2 Qxd4 9. O-O Bd6 10. Nf3 Qb6 11. Rd1 Qc7 12. h3 O-O 13. Nd4 Bg6 14. Kh1 Bc5 15. Be3 Nbd7 16. Bb3 Nd5 17. Nxd5 cxd5 18. Rac1 Nb6 19. c4 dxc4 20. Bxc4 Bxd4 21. Bxd4 Nxc4 22. Rxc4 Qa5 23. a3 Rfd8 24. Rdc1 h6 25. Rc5 Qa4 26. R5c4 Qa6 27. Qe3 b6 28. Qe5 f6 29. Qxe6+ Bf7 30. Qg4 h5 31. Qg3 Bxc4 32. Bxf6 Rd7 33. Qf3 Rf8 34. Qc6 Bb5 35. Qe6+ Rdf7 36. Be5 Bd7 37. Qg6 Qe2 38. Bd4 Bf5 39. Qg5 Be4 40. Rc3 Qd1+ 41. Kh2 Qxd4 42. Qxh5 Qd6+ 43. Rg3 Rxf2 44. Qg4 Qe7 45. Kh1 Rf1+ 46. Kh2 R1f4 47. Qe2 Rf2 48. Qc4+ Kh7 49. Qd4 Bf5 50. Qc3 Bg6 51. Qb4 Qf6 52. Qg4 Re8 53. h4 Ree2 54. h5 Bf7 55. h6 Qxh6+ 56. Rh3 Rxg2+ 57. Qxg2 Rxg2+ 58. Kxg2 Bh5 59. Kg3 Qg5+ 60. Kh2 g6 61. Rg3 Qf4 62. Kh3 Qe5 63. Rg2 Qd4 64. Kh2 Qh4+ 65. Kg1 Kg7 66. Rh2 Qe1+ 67. Kg2 Qe2+ 68. Kg1 Qd1+ 69. Kg2 Bf3+ 70. Kf2 Qe2+ 71. Kg3 Qe3 72. Kh3 Be4+ 73. Kg4 Qf3+ 74. Kh4 Kh6 75. Rg2 Qxg2 76. b4 g5# 0-1


[Site "https://www.chess.com"]

[Event "Titled Tuesday Blitz August 24 2021"]
[White "Terry, Renato"]
[Black "Wagner, Dennis"]
[WhiteFideId "3803457"]
[BlackFideId "24650684"]
[WhiteElo "2581"]
[BlackElo "2355"]
[Result "0-1"]
[Round "06"]
[TimeControl "180+1"]
[Date "2021.08.24"]
[WhiteClock "0:00:01"]
[BlackClock "0:00:07"]

1. d4 Nf6 2. Bg5 d5 3. Bxf6 gxf6 4. e3 c5 5. c3 e5 6. Nf3 Nc6 7. Nbd2 cxd4 8. cxd4 Qb6 9. Qb3 Qxb3 10. Nxb3 Bb4+ 11. Kd1 Be6 12. Rc1 Ke7 13. a3 Bd6 14. Bb5 Rac8 15. Kd2 Rc7 16. Bxc6 bxc6 17. Nc5 a5 18. Rc3 Rb8 19. Na4 Bc8 20. Rhc1 Ba6 21. Nh4 exd4 22. Nf5+ Kd7 23. Nxd4 Bc4 24. b3 c5 25. bxc4 cxd4 26. Rd3 dxc4 27. Rxd4 Rb3 28. Nc3 Ke6 29. Ne4 Be5 30. Rdxc4 Rxc4 31. Rxc4 Rxa3 32. Rc2 Kd5 33. Ng3 a4 34. Nf5 Rb3 35. Ra2 a3 36. Kc2 Rc3+ 37. Kd2 Kc4 38. Ng3 Kb3 39. Ra1 Rc2+ 40. Kd3 Bxa1 0-1


[Site "https://www.chess.com"]

[Event "Titled Tuesday Blitz August 24 2021"]
[White "Timofeev, Artyom"]
[Black "Fedoseev, Vladimir"]
[WhiteFideId "4140419"]
[BlackFideId "24130737"]
[WhiteElo "2582"]
[BlackElo "2756"]
[Result "0-1"]
[Round "06"]
[TimeControl "180+1"]
[Date "2021.08.24"]
[WhiteClock "0:00:09"]
[BlackClock "0:00:13"]

1. c4 g6 2. Nc3 Bg7 3. g3 d6 4. Bg2 Nf6 5. Nf3 O-O 6. O-O c5 7. d3 Nc6 8. a3 Bf5 9. h3 Qc8 10. Kh2 Rb8 11. Rb1 a6 12. b4 cxb4 13. axb4 b5 14. cxb5 axb5 15. Bd2 Qd7 16. Be3 Rfc8 17. Qd2 h5 18. Rfc1 e5 19. Bh6 d5 20. Bxg7 Kxg7 21. Ng5 Qd6 22. Qb2 h4 23. g4 Bd7 24. Kg1 Nd4 25. e3 Nc6 26. Ne2 Ra8 27. Nc3 Ne7 28. Nf3 Rh8 29. Ra1 Rxa1 30. Rxa1 Ne8 31. Ra7 Nc7 32. Ra1 Nc6 33. Ne2 f6 34. d4 e4 35. Nd2 Nxb4 36. f3 Nd3 37. Qc2 f5 38. fxe4 fxe4 39. Ra7 Rc8 40. Nxe4 dxe4 41. Bxe4 Nb4 42. Qc5 Qxc5 43. dxc5 Bc6 44. Bb1 Kf6 45. Nd4 Ne6 46. Nxe6 Kxe6 47. Bxg6 Ra8 48. Bf5+ Kd5 49. Rh7 Kxc5 50. Rxh4 Nd5 51. Kf2 Ra2+ 52. Kf3 Ra3 53. Rh5 Nxe3+ 54. Kf4 Nxf5 55. Rxf5+ Kd4 56. h4 b4 57. Kg5 b3 58. Rf2 Be4 59. Rb2 Kc3 60. Re2 Bd3 61. Re7 b2 62. Rb7 Rb3 63. Rxb3+ Kxb3 0-1


[Site "https://www.chess.com"]

[Event "Titled Tuesday Blitz August 24 2021"]
[White "Tologon tegin, Semetei"]
[Black "Castellanos Rodriguez, Renier"]
[WhiteFideId "13800574"]
[BlackFideId "3404650"]
[WhiteElo "2224"]
[BlackElo "2612"]
[Result "0-1"]
[Round "06"]
[TimeControl "180+1"]
[Date "2021.08.24"]
[WhiteClock "0:00:01"]
[BlackClock "0:00:32"]

1. e4 c5 2. Nc3 e6 3. Bc4 Nc6 4. Nf3 a6 5. a4 Nf6 6. d4 cxd4 7. Nxd4 Qc7 8. O-O Bb4 9. Bb3 O-O 10. Re1 Nxd4 11. Qxd4 Bc5 12. Qd1 d6 13. Bg5 Nd7 14. Qf3 Ne5 15. Qg3 Bd7 16. Kh1 Kh8 17. f4 Nc6 18. f5 Bd4 19. Qh4 f6 20. Be3 Bxc3 21. bxc3 exf5 22. Bf4 Ne5 23. Bxe5 dxe5 24. Rad1 Rad8 25. Bd5 Bxa4 26. Rd2 Bc6 27. c4 fxe4 28. Qxe4 Rd7 29. Red1 Rfd8 30. h3 h6 31. Qf5 Bxd5 32. cxd5 Rd6 33. Qe4 b5 34. Rc1 Qc4 35. Qxc4 bxc4 36. Rcd1 a5 37. Kg1 a4 38. Kf2 a3 39. Ke3 a2 40. Ke4 Ra8 41. Ra1 c3 42. Rdd1 Ra4+ 43. Ke3 Kg8 44. Rd3 Ra3 0-1


[Site "https://www.chess.com"]

[Event "Titled Tuesday Blitz August 24 2021"]
[White "Tregubov, Pavel V."]
[Black "Purtseladze, Maka"]
[WhiteFideId "4115341"]
[BlackFideId "13602659"]
[WhiteElo "2423"]
[BlackElo "2178"]
[Result "1/2-1/2"]
[Round "06"]
[TimeControl "180+1"]
[Date "2021.08.24"]
[WhiteClock "0:00:14"]
[BlackClock "0:00:12"]

1. e4 c6 2. c4 d5 3. exd5 cxd5 4. cxd5 Nf6 5. Nc3 g6 6. Nf3 Bg7 7. Bb5+ Nbd7 8. d6 e6 9. O-O O-O 10. d4 Nb6 11. Bf4 Nbd5 12. Be5 Bd7 13. Bc4 Bc6 14. Qe2 Rc8 15. Nb5 Bxb5 16. Bxb5 a6 17. Ba4 b5 18. Bb3 Qd7 19. a4 Ne8 20. axb5 axb5 21. Bxd5 exd5 22. Ra6 Rc6 23. Qxb5 Rxd6 24. Qxd7 Rxd7 25. Rc1 Bxe5 26. Nxe5 Rb7 27. h3 Ng7 28. Rd6 Rxb2 29. Nd7 Nf5 30. Rxd5 Ra8 31. g4 Nh4 32. Nf6+ Kg7 33. g5 Nf3+ 34. Kg2 Nxg5 35. Rxg5 Kxf6 36. Rg4 Ra7 37. Rc6+ Kg7 38. Rf4 Rd2 39. h4 Rd7 40. Rc4 h5 41. Kf3 Re7 42. Rc3 Ree2 43. Kg3 Re7 44. Kf3 Ree2 45. Kg3 Re7 46. Re3 Rd7 47. Ree4 f5 48. Re6 Rd3+ 49. f3 R3xd4 50. Rxd4 Rxd4 51. Ra6 Kh6 52. Rb6 f4+ 53. Kh3 Rd3 54. Kg2 Rd2+ 55. Kg1 Kg7 56. Ra6 Rd4 57. Rb6 Kf7 58. Kg2 Kg7 59. Ra6 Rd2+ 60. Kg1 Rd7 61. Kg2 Rf7 62. Rb6 Rf6 63. Rb7+ Kh6 64. Rc7 g5 65. hxg5+ Kxg5 66. Kh3 Rf5 67. Rc6 Rd5 68. Ra6 Kf5 69. Rh6 Kg5 70. Ra6 Rd3 71. Ra5+ Kg6 72. Ra6+ Kf5 73. Ra5+ Kg6 74. Ra6+ Kg5 75. Ra5+ Kf6 76. Rxh5 Rxf3+ 77. Kg4 Rg3+ 78. Kxf4 Rg6 79. Ra5 Ke6 80. Ra6+ Kf7 81. Rxg6 Kxg6 1/2-1/2


[Site "https://www.chess.com"]

[Event "Titled Tuesday Blitz August 24 2021"]
[White "Trent, Lawrence"]
[Black "Kobalia, Mikhail"]
[WhiteFideId "408638"]
[BlackFideId "4119150"]
[WhiteElo "2474"]
[BlackElo "2569"]
[Result "1-0"]
[Round "06"]
[TimeControl "180+1"]
[Date "2021.08.24"]
[WhiteClock "0:01:33"]
[BlackClock "0:00:38"]

1. e4 c6 2. d4 d5 3. f3 e6 4. Nc3 Bb4 5. a3 Bxc3+ 6. bxc3 dxe4 7. Qe2 Qa5 8. Bd2 c5 9. fxe4 Nf6 10. Nf3 b6 11. d5 Qa4 12. c4 Ba6 13. Qd3 O-O 14. Be2 exd5 15. exd5 Nbd7 16. O-O Rfe8 17. Rae1 Ne4 18. Ng5 Nxg5 19. Bxg5 Ne5 20. Qg3 Bxc4 21. Bxc4 Nxc4 22. Bh6 g6 23. Qc3 Ne5 24. Rxe5 Rxe5 25. Qxe5 Qd4+ 26. Qxd4 cxd4 27. Bg5 Rc8 28. d6 Rc5 29. d7 1-0


[Site "https://www.chess.com"]

[Event "Titled Tuesday Blitz August 24 2021"]
[White "Tsaruk, Maksim"]
[Black "Yoo, Christopher Woojin"]
[WhiteFideId "13511173"]
[BlackFideId "30909694"]
[WhiteElo "2184"]
[BlackElo "2105"]
[Result "0-1"]
[Round "06"]
[TimeControl "180+1"]
[Date "2021.08.24"]
[WhiteClock "0:00:03"]
[BlackClock "0:00:30"]

1. e4 d5 2. exd5 Qxd5 3. Nc3 Qd6 4. d4 Nf6 5. Nf3 Nc6 6. Nb5 Qd8 7. c4 a6 8. Nc3 Bg4 9. d5 Ne5 10. Be2 Bxf3 11. Bxf3 g6 12. O-O Bg7 13. Bf4 Nxf3+ 14. Qxf3 O-O 15. Rfe1 b5 16. Qe2 bxc4 17. Qxc4 Ne8 18. Qe4 Bf6 19. Bh6 Nd6 20. Qf3 Re8 21. Rac1 Rb8 22. b3 Qd7 23. Na4 Nf5 24. Bf4 Nd4 25. Qd1 Nb5 26. Nc5 Qf5 27. Qf3 Ra8 28. Qe4 Nc3 29. Qxf5 gxf5 30. Nd7 Nxd5 31. Nxf6+ exf6 32. Bd2 Rxe1+ 33. Rxe1 Kg7 34. f3 a5 35. Kf2 Nb4 36. a3 Nd3+ 37. Ke2 Nxe1 0-1


[Site "https://www.chess.com"]

[Event "Titled Tuesday Blitz August 24 2021"]
[White "Ulko, Jaroslav"]
[Black "Omariev, Maksim"]
[WhiteFideId "4116658"]
[BlackFideId "4193423"]
[WhiteElo "2304"]
[BlackElo "2433"]
[Result "1-0"]
[Round "06"]
[TimeControl "180+1"]
[Date "2021.08.24"]
[WhiteClock "0:00:10"]
[BlackClock "0:00:02"]

1. d4 d5 2. c4 c6 3. Nf3 Nf6 4. Nc3 g6 5. cxd5 cxd5 6. Bf4 Bg7 7. e3 O-O 8. h3 Nc6 9. Bd3 Bf5 10. Bxf5 gxf5 11. O-O e6 12. Rc1 Rc8 13. Ne5 Nxe5 14. Bxe5 Ne4 15. Nxe4 fxe4 16. Qg4 f6 17. Qxe6+ Kh8 18. Bf4 Re8 19. Rxc8 Qxc8 20. Qxd5 b6 21. Kh2 Qc2 22. b4 Rc8 23. b5 Qc4 24. Qf5 Rd8 25. Kg1 Re8 26. Qd7 Rg8 27. Qxa7 Qxb5 28. Rc1 Bf8 29. Rc7 Qh5 30. Bg3 b5 31. Qb7 Ba3 32. Qxe4 Bf8 33. Kh2 b4 34. Rb7 Bg7 35. Rb8 Rxb8 36. Bxb8 Bf8 37. Bg3 Kg7 38. Qb7+ Kg8 39. Qd7 Qg6 40. Qd5+ Kh8 41. Qe6 Qc2 42. Qxf6+ Kg8 43. Qe6+ Kh8 44. Be5+ Bg7 45. Qe8# 1-0


[Site "https://www.chess.com"]

[Event "Titled Tuesday Blitz August 24 2021"]
[White "Urazayev, Arystanbek"]
[Black "De Silva, L M S T"]
[WhiteFideId "13709810"]
[BlackFideId "9953698"]
[WhiteElo "2321"]
[BlackElo "1621"]
[Result "0-1"]
[Round "06"]
[TimeControl "180+1"]
[Date "2021.08.24"]
[WhiteClock "0:00:04"]
[BlackClock "0:00:15"]

1. c4 e5 2. Nf3 Nc6 3. d4 exd4 4. Nxd4 Nf6 5. g3 Bb4+ 6. Bd2 Bxd2+ 7. Qxd2 O-O 8. Nxc6 dxc6 9. Bg2 Bf5 10. O-O Bxb1 11. Qxd8 Rfxd8 12. Raxb1 Rd2 13. Bf3 Rad8 14. e3 Nd7 15. Rfe1 Ne5 16. Be2 c5 17. a4 a5 18. b3 Kf8 19. Kg2 Ke7 20. h4 b6 21. h5 f6 22. g4 h6 23. Kg3 Rc2 24. f4 Nc6 25. Bf3 Nb4 26. e4 Rd3 27. Red1 Rxd1 28. Rxd1 Rc3 29. g5 fxg5 30. fxg5 hxg5 31. Kg4 Rxb3 32. e5 Nc2 33. Rd2 Ne3+ 34. Kxg5 Nxc4 35. Rf2 Nxe5 36. Bd5 Rd3 37. Bg8 c4 38. Re2 Kd6 39. Kf5 Rf3+ 40. Ke4 Rh3 41. Rd2+ Rd3 42. Rg2 c5 43. Rxg7 Rd4+ 44. Kf5 c3 45. Bb3 c4 46. Bc2 Rd2 47. Be4 c2 48. Bxc2 Rxc2 49. h6 Rh2 50. h7 c3 51. Rg1 Rxh7 52. Rd1+ Kc5 53. Kxe5 Re7+ 54. Kf5 Kc4 0-1


[Site "https://www.chess.com"]

[Event "Titled Tuesday Blitz August 24 2021"]
[White "Viani Antonio Dcunha"]
[Black "Sadykov, Ramil"]
[WhiteFideId "5027330"]
[BlackFideId "24113590"]
[WhiteElo "2366"]
[BlackElo "2300"]
[Result "1-0"]
[Round "06"]
[TimeControl "180+1"]
[Date "2021.08.24"]
[WhiteClock "0:00:41"]
[BlackClock "0:00:01"]

1. d4 d5 2. Nf3 Nf6 3. Bf4 c5 4. c3 cxd4 5. cxd4 Nc6 6. Nc3 Bf5 7. e3 e6 8. h3 Bd6 9. Bxd6 Qxd6 10. Bb5 O-O 11. O-O Rfc8 12. Bxc6 Qxc6 13. Ne5 Qb6 14. Qd2 Ne4 15. Nxe4 Bxe4 16. Rfc1 f6 17. Nd7 Qb5 18. Nc5 Kf7 19. a4 Qb6 20. Ra3 Rc7 21. Rb3 Qc6 22. Rbc3 Bxg2 23. Nd3 Bxh3 24. Rxc6 Rxc6 25. Rxc6 bxc6 26. Qb4 Re8 27. Qb7+ Re7 28. Qxc6 Bf5 29. Nc5 h5 30. b4 h4 31. b5 g5 32. a5 1-0


[Site "https://www.chess.com"]

[Event "Titled Tuesday Blitz August 24 2021"]
[White "Weetik, Vjacheslav"]
[Black "Bortnyk, Olexandr"]
[WhiteFideId "4153472"]
[BlackFideId "14120828"]
[WhiteElo "2469"]
[BlackElo "2723"]
[Result "1-0"]
[Round "06"]
[TimeControl "180+1"]
[Date "2021.08.24"]
[WhiteClock "0:00:05"]
[BlackClock "0:00:02"]

1. e4 Nf6 2. e5 Nd5 3. d4 d6 4. Nf3 dxe5 5. Nxe5 g6 6. c4 Nf6 7. Nc3 Bg7 8. Be3 O-O 9. Be2 c6 10. O-O Nbd7 11. f4 Qa5 12. Qd2 Rd8 13. Qe1 Nxe5 14. fxe5 Ng4 15. Bxg4 Bxg4 16. Qh4 Be6 17. Qxe7 Bxc4 18. Rf3 c5 19. d5 Rf8 20. Qxc5 Qxc5 21. Bxc5 Rfe8 22. Bd6 Bxe5 23. Bxe5 Rxe5 24. Rd1 Rae8 25. Rd4 Ba6 26. d6 f5 27. Nd5 Re1+ 28. Kf2 R1e2+ 29. Kg3 Rd8 30. Nc7 Rxb2 31. Ne6 Rd7 32. Nc5 Rd8 33. Ne6 Rd7 34. Nc5 Rd8 35. Re3 Bb5 36. Ne6 Rd7 37. Nc5 Rd8 38. Re7 Bc6 39. Ne6 Rxg2+ 40. Kf4 Rd7 41. Ke5 Re2+ 42. Kf6 Rxe7 43. dxe7 Rxe6+ 44. Kxe6 Kg7 45. Rd8 f4 46. e8=Q Bxe8 47. Rxe8 f3 48. Rd8 g5 49. Kf5 h5 50. Kxg5 f2 51. Rd1 Kf7 52. Rf1 1-0


[Site "https://www.chess.com"]

[Event "Titled Tuesday Blitz August 24 2021"]
[White "Yaran, Siar"]
[Black "Kubicka, Anna"]
[WhiteFideId "6323006"]
[BlackFideId "1152254"]
[WhiteElo "1977"]
[BlackElo "2010"]
[Result "1-0"]
[Round "06"]
[TimeControl "180+1"]
[Date "2021.08.24"]
[WhiteClock "0:00:21"]
[BlackClock "0:01:14"]

1. e4 c5 2. Nf3 d6 3. d4 cxd4 4. Nxd4 Nf6 5. Nc3 a6 6. Bg5 Nbd7 7. Bc4 Qa5 8. Qd2 h6 9. Bh4 e6 10. O-O Be7 11. Kh1 O-O 12. Rae1 Ne5 13. Bb3 Nc6 14. f4 Nxd4 15. Qxd4 e5 16. fxe5 dxe5 17. Qe3 Ng4 18. Qg3 Bxh4 19. Qxh4 Qd8 20. Bxf7+ Kh8 21. Qxd8 Rxd8 22. h3 Nf6 23. Nd5 Nxd5 24. exd5 Bd7 25. Rxe5 Bb5 26. Rf4 Rf8 27. Re7 Rac8 28. c3 b6 29. Rd4 a5 30. b3 a4 31. c4 axb3 32. axb3 Ba6 33. Ra7 b5 34. Rxa6 bxc4 35. Be6 cxb3 36. Bxc8 Rf1+ 37. Kh2 b2 38. Rb6 b1=Q 39. Rxb1 Rxb1 40. d6 1-0


[Site "https://www.chess.com"]

[Event "Titled Tuesday Blitz August 24 2021"]
[White "Yeletsky, Ivan"]
[Black "sganerdene"]
[WhiteFideId "24180327"]
[WhiteElo "2344"]
[BlackElo "2668"]
[Result "1-0"]
[Round "06"]
[TimeControl "180+1"]
[Date "2021.08.24"]
[WhiteClock "0:00:46"]
[BlackClock "0:00:17"]

1. e4 c5 2. Nf3 d6 3. c3 Nf6 4. Qc2 e6 5. d4 cxd4 6. cxd4 Nc6 7. Nc3 Be7 8. d5 exd5 9. exd5 Nb8 10. h3 O-O 11. Bd3 Na6 12. a3 Nc5 13. Be2 g6 14. Nd4 Re8 15. b4 Ncd7 16. O-O Nb6 17. Bf3 Bf8 18. Bg5 Re5 19. Bf4 Re8 20. Rfe1 Bd7 21. Ndb5 Rxe1+ 22. Rxe1 Bf5 23. Qb3 Bd3 24. a4 a6 25. Na3 Rc8 26. a5 Nc4 27. Rd1 Nxa3 28. Rxd3 Nc4 29. Bg5 Ne5 30. Re3 Be7 31. Bf4 Nfd7 32. Be2 Bg5 33. Bxg5 Qxg5 34. Ne4 Rc1+ 35. Kh2 Qh6 36. Qb2 Rc7 37. g3 Qg7 38. Kg2 f5 39. Nxd6 Qf8 40. Rxe5 Qxd6 41. Re8+ Kf7 42. Qh8 Nf6 43. Rb8 Re7 44. Bf3 Rc7 45. h4 h5 46. Rd8 f4 47. Rxd6 1-0


[Site "https://www.chess.com"]

[Event "Titled Tuesday Blitz August 24 2021"]
[White "Zhou, Jianchao"]
[Black "Kovalev, Vladislav"]
[WhiteFideId "8603537"]
[BlackFideId "13504398"]
[WhiteElo "2462"]
[BlackElo "2573"]
[Result "1-0"]
[Round "06"]
[TimeControl "180+1"]
[Date "2021.08.24"]
[WhiteClock "0:00:19"]
[BlackClock "0:00:05"]

1. d4 Nf6 2. c4 g6 3. Nc3 Bg7 4. e4 d6 5. Nf3 O-O 6. Be2 e5 7. O-O Na6 8. Re1 Qe8 9. Bf1 Bg4 10. d5 Nb4 11. a3 Bxf3 12. gxf3 Na6 13. b4 Nh5 14. c5 Nb8 15. Be3 Nf4 16. Nb5 Qe7 17. cxd6 cxd6 18. Rc1 Nd7 19. Nxa7 f5 20. Nb5 fxe4 21. fxe4 Nf6 22. Rc7 Qd8 23. f3 Bh6 24. Rxb7 N6h5 25. Qd2 Qh4 26. Qf2 Qg5+ 27. Kh1 Rfc8 28. Nxd6 Rc3 29. Nf7 Nh3 30. Nxh6+ Qxh6 31. Bxh3 Nf4 32. Bg4 Raxa3 33. d6 Rxe3 34. Rxe3 Ra1+ 35. Re1 Nd3 36. Rxa1 Nxf2+ 37. Kg2 Qd2 38. Ra8# 1-0


[Site "https://www.chess.com"]

[Event "Titled Tuesday Blitz August 24 2021"]
[White "Zierk, Steven"]
[Black "Batsuren, Dambasuren"]
[WhiteFideId "2034255"]
[BlackFideId "4902920"]
[WhiteElo "2494"]
[BlackElo "2371"]
[Result "1-0"]
[Round "06"]
[TimeControl "180+1"]
[Date "2021.08.24"]
[WhiteClock "0:01:31"]
[BlackClock "0:01:12"]

1. e4 d6 2. d4 Nf6 3. Nc3 g6 4. Be3 a6 5. h3 b5 6. e5 Nfd7 7. Qf3 Ra7 8. O-O-O Bg7 9. h4 Bb7 10. Qg3 dxe5 11. dxe5 Bxe5 12. Qxe5 Nxe5 13. Rxd8+ Kxd8 14. Bxa7 Nbc6 15. Bc5 Nd7 16. Be3 e5 17. h5 Re8 18. hxg6 hxg6 19. Rh7 f5 20. Bg5+ Kc8 21. Nd5 Nd4 22. Rxd7 Kxd7 23. Nf6+ Ke7 24. Nxe8+ Kxe8 25. Bf6 Nc6 26. Nf3 e4 27. Ne5 Nb4 28. a3 Nd5 29. Bg5 f4 30. c4 bxc4 31. Bxc4 e3 32. fxe3 Nxe3 33. Bf7+ Kf8 34. Bb3 Nxg2 35. Nxg6+ Kg7 36. Nxf4 1-0


[Site "https://www.chess.com"]

[Event "Titled Tuesday Blitz August 24 2021"]
[White "Amgalantengis, Enkh-Amgalan"]
[Black "Yaran, Siar"]
[WhiteFideId "4903536"]
[BlackFideId "6323006"]
[WhiteElo "1716"]
[BlackElo "1977"]
[Result "1/2-1/2"]
[Round "07"]
[TimeControl "180+1"]
[Date "2021.08.24"]
[WhiteClock "0:01:18"]
[BlackClock "0:00:18"]

1. Nf3 Nf6 2. g3 d5 3. Bg2 c5 4. O-O Nc6 5. c4 e6 6. cxd5 Nxd5 7. d4 Be7 8. Nc3 O-O 9. e4 Nxc3 10. bxc3 b6 11. d5 exd5 12. exd5 Na5 13. Ne5 Bf6 14. Bf4 Re8 15. Nc6 Nxc6 16. dxc6 Qxd1 17. Raxd1 Bg4 18. c4 Bxd1 19. Rxd1 Bd4 20. c7 Rac8 21. Bb7 Rxc7 22. Bxc7 Re7 23. Bxb6 Rxb7 24. Ba5 f5 25. Kg2 Kf7 26. Rd2 Rb1 27. Rc2 Rd1 28. Bd2 Kf6 29. h4 g6 30. Kf3 h5 31. Bg5+ Kf7 32. Re2 Rd3+ 33. Kg2 Ra3 34. Re7+ Kf8 35. Re2 Kf7 36. Re7+ Kf8 37. Re2 Ra4 38. Rc2 Kf7 39. Be3 Bxe3 40. fxe3 Ke6 41. Kf3 Ke5 42. Rc3 Rxa2 43. Rd3 Ra5 44. Rd7 Ke6 45. Rg7 Kf6 46. Rc7 Ke5 47. Re7+ Kf6 48. Rc7 Ke5 49. Re7+ Kf6 50. Rc7 1/2-1/2


[Site "https://www.chess.com"]

[Event "Titled Tuesday Blitz August 24 2021"]
[White "Arabidze, Meri"]
[Black "Rakhmanov, Aleksandr"]
[WhiteFideId "13604040"]
[BlackFideId "4173708"]
[WhiteElo "2432"]
[BlackElo "2498"]
[Result "1/2-1/2"]
[Round "07"]
[TimeControl "180+1"]
[Date "2021.08.24"]
[WhiteClock "0:01:12"]
[BlackClock "0:00:39"]

1. Nf3 d5 2. g3 Nc6 3. d4 Bg4 4. Bg2 Qd7 5. O-O h5 6. c4 e6 7. Nc3 dxc4 8. Qa4 h4 9. Qxc4 hxg3 10. hxg3 Nf6 11. Bf4 a6 12. Ne5 Nxe5 13. dxe5 Nd5 14. Nxd5 exd5 15. Qxd5 Qxd5 16. Bxd5 c6 17. Bf3 Bxf3 18. exf3 Kd7 19. Be3 Ke6 20. f4 c5 21. Rac1 Rc8 22. b3 Be7 23. Kg2 b5 24. Rc2 c4 25. bxc4 Rxc4 26. Rxc4 bxc4 27. Kf3 f5 28. Bd4 Rc8 29. Rc1 Ba3 30. Rc2 Bb4 31. Ke3 a5 32. a4 g6 33. f3 Kd5 34. Rc1 Rh8 35. Rd1 Ke6 36. Rc1 Rc8 37. Rc2 Rc7 38. Rc1 Rc6 39. Rc2 Rc7 40. Rc1 Rc8 41. Rc2 1/2-1/2


[Site "https://www.chess.com"]

[Event "Titled Tuesday Blitz August 24 2021"]
[White "Baches Garcia, Guillermo"]
[Black "Ibrahimli, Murad"]
[WhiteFideId "2209764"]
[BlackFideId "13410229"]
[WhiteElo "2496"]
[BlackElo "2109"]
[Result "0-1"]
[Round "07"]
[TimeControl "180+1"]
[Date "2021.08.24"]
[WhiteClock "0:01:37"]
[BlackClock "0:01:58"]

1. e4 c5 2. Nf3 d6 3. d4 cxd4 4. Qxd4 Nf6 5. Be2 a6 6. O-O Nc6 7. Qe3 Bg4 8. Rd1 Nd7 9. Nc3 g6 10. Nd5 Bg7 11. Qf4 Bxf3 12. Bxf3 O-O 13. c3 Nde5 14. Be2 e6 15. Ne3 Qe7 16. Nc4 Nxc4 17. Bxc4 b5 18. Qxd6 Rfd8 19. Qxc6 Rxd1+ 20. Bf1 Rad8 21. Qxa6 Qd7 0-1


[Site "https://www.chess.com"]

[Event "Titled Tuesday Blitz August 24 2021"]
[White "Balakrishnan, Praveen"]
[Black "Lashkin, Jegor"]
[WhiteFideId "2064871"]
[BlackFideId "13907808"]
[WhiteElo "2237"]
[BlackElo "2293"]
[Result "1-0"]
[Round "07"]
[TimeControl "180+1"]
[Date "2021.08.24"]
[WhiteClock "0:01:33"]
[BlackClock "0:00:20"]

1. e4 c5 2. Nf3 d6 3. c3 Nf6 4. Bd3 Bg4 5. h3 Bh5 6. Bc2 Nc6 7. d3 e6 8. Nbd2 Be7 9. Nf1 d5 10. Ng3 Bg6 11. Nh4 Qc7 12. O-O O-O-O 13. Qe2 Rhe8 14. Re1 Bd6 15. Nxg6 hxg6 16. Ba4 Bxg3 17. fxg3 dxe4 18. dxe4 Ne5 19. Bxe8 Rxe8 20. Bf4 Nh5 21. Qb5 Qc6 22. Qxc6+ Nxc6 23. Bd6 b6 24. Rad1 e5 25. Kf2 Nf6 26. b4 cxb4 27. cxb4 Kb7 28. b5 Na5 29. Rc1 Rc8 1-0


[Site "https://www.chess.com"]

[Event "Titled Tuesday Blitz August 24 2021"]
[White "Begunov, Konstantin"]
[Black "Dang, Hoang Son"]
[WhiteFideId "4118510"]
[BlackFideId "12402435"]
[WhiteElo "2262"]
[BlackElo "2248"]
[Result "0-1"]
[Round "07"]
[TimeControl "180+1"]
[Date "2021.08.24"]
[WhiteClock "0:00:05"]
[BlackClock "0:00:10"]

1. d4 Nf6 2. c4 g6 3. f3 Bg7 4. e4 O-O 5. Nc3 d6 6. Be3 c5 7. dxc5 dxc5 8. Qxd8 Rxd8 9. Bxc5 Nc6 10. Nd5 e6 11. Ne7+ Nxe7 12. Bxe7 Rd7 13. Ba3 b6 14. Rd1 Ba6 15. Rxd7 Nxd7 16. b3 Rd8 17. Be7 Re8 18. Bb4 f5 19. Nh3 Nc5 20. Nf2 Rd8 21. Be2 Bd4 22. h4 Bb7 23. exf5 exf5 24. h5 g5 25. h6 Kf7 26. O-O Ne6 27. Re1 a5 28. Ba3 g4 29. Kf1 Nf4 30. Rd1 g3 31. Nd3 Nxe2 32. Kxe2 Re8+ 33. Kf1 Be3 34. Bb2 Re6 35. Ne5+ Ke8 36. Rd3 f4 37. Ke2 Rxh6 38. Ng4 Rh2 39. Nxe3 fxe3 40. Kxe3 Rxg2 41. Rd2 Rg1 42. Kf4 h5 43. Bd4 Rf1 44. Kxg3 Rxf3+ 45. Kh4 Rf5 46. Re2+ Kd7 47. Re5 Rf4+ 48. Kxh5 Rxd4 49. Rb5 Kc7 50. Kg5 Bc6 51. a4 Bxb5 52. axb5 Kd6 0-1


[Site "https://www.chess.com"]

[Event "Titled Tuesday Blitz August 24 2021"]
[White "Bilan, Danila"]
[Black "Kamsky, Gata"]
[WhiteFideId "24161918"]
[BlackFideId "2000024"]
[WhiteElo "2164"]
[BlackElo "2644"]
[Result "0-1"]
[Round "07"]
[TimeControl "180+1"]
[Date "2021.08.24"]
[WhiteClock "0:00:02"]
[BlackClock "0:01:29"]

1. d4 Nf6 2. Nf3 g6 3. Bg5 Bg7 4. c3 d6 5. Nbd2 O-O 6. e4 c5 7. dxc5 dxc5 8. Be2 Nc6 9. Qc2 Qc7 10. O-O b6 11. Rad1 Bb7 12. Rfe1 h6 13. Bh4 Nh5 14. Bc4 e6 15. a4 g5 16. Bg3 Nxg3 17. hxg3 g4 18. Nh2 h5 19. Ndf1 Ne5 20. Be2 c4 21. f3 gxf3 22. gxf3 h4 23. gxh4 Bh6 24. Kh1 Qe7 25. Nd2 Rac8 26. Rg1+ Kh8 27. b3 cxb3 28. Qxb3 Qxh4 29. Nf1 Bf4 30. c4 Rg8 31. Rxg8+ Rxg8 32. Qc2 Qf2 0-1


[Site "https://www.chess.com"]

[Event "Titled Tuesday Blitz August 24 2021"]
[White "Bobkov, Vadim"]
[Black "davigator"]
[WhiteFideId "34110876"]
[WhiteElo "2117"]
[BlackElo "2400"]
[Result "1-0"]
[Round "07"]
[TimeControl "180+1"]
[Date "2021.08.24"]
[WhiteClock "0:00:54"]
[BlackClock "0:01:34"]

1. d4 Nf6 2. c4 e6 3. Nc3 Bb4 4. f3 d5 5. a3 Bxc3+ 6. bxc3 c5 7. cxd5 Nxd5 8. dxc5 f5 9. e4 fxe4 10. Qc2 e3 11. Bd3 Nc6 12. Ne2 Ne5 13. Be4 Nf6 14. O-O O-O 15. Bxe3 Qe7 16. Ng3 Ned7 17. c6 bxc6 18. Bxc6 Rb8 19. Bxa7 Bb7 20. Bxb8 Bxc6 21. Ba7 Nc5 22. Bxc5 Qxc5+ 23. Qf2 Qa5 24. c4 Rc8 25. c5 Bd5 26. Rfc1 Nd7 27. Ne4 Bxe4 28. fxe4 Rxc5 29. Rxc5 Nxc5 30. Rc1 1-0


[Site "https://www.chess.com"]